 Dungeon Crawl Stone Soup version 0.29-a0-617-g7a6b98fccd (webtiles) character file.

Game seed: 6401341657083740955

2208 dolemite99 the Grappler (level 9, -2/65 HPs)
             Began as a Djinni Gladiator on June 18, 2022.
             Was an Initiate of Ignis.
             Slain by a wyvern (15 damage)
             ... on level 6 of the Dungeon.
             The game lasted 00:13:41 (9577 turns).

dolemite99 the Grappler (Djinni Gladiator)          Turns: 9577, Time: 00:13:42

Health: -2/65      AC:  7    Str: 17    XL:     9   Next: 60%
Gold:   362        EV: 13    Int: 11    God:    Ignis [......] SH:  0 Dex: 14

rFire   + + +      SeeInvis .     - Unarmed
rCold   x . .      Faith    .   (no shield)
rNeg    . . .      Spirit   .   m - +0 ring mail
rPois   ∞          Reflect  .   b - +1 helmet
rElec   .          Harm     .   (no cloak)
rCorr   .          Rampage  .   (no gloves)
Will    .....                   (boots unavailable)
Stlth   +.........              (no amulet)
HPRegen 0.20/turn               (no ring)
MPRegen 0.00/turn               (no ring)

@: flying
A: sickness immunity, fire resistance 2, cold vulnerability 1, float, innate
caster, HP casting, extra vitality 1
a: Renounce Religion, Rising Flame


You were on level 6 of the Dungeon.
You worshipped Ignis.
Ignis was noncommittal.
You visited 2 branches of the dungeon, and saw 7 of its levels.
You also visited: Sewer.

You collected 362 gold pieces.

Inventory:

Hand Weapons
 i - a +0 hunting sling
 l - a +0 dagger of distortion
 u - a +2 short sword of draining
 G - a +2 dagger of protection
Missiles
 c - 3 throwing nets (quivered)
 d - a javelin
 C - 3 atropa-tipped darts
Armour
 a - a +0 leather armour
 b - a +1 helmet (worn)
 m - a +0 ring mail (worn)
Magical Staves
 z - a staff of death
Jewellery
 v - a ring of poison resistance
 F - a +6 ring of strength
Wands
 h - a wand of polymorph (11)
 x - a wand of iceblast (14)
Scrolls
 e - a scroll of fog
 n - 2 scrolls of teleportation
 o - 4 scrolls of immolation
 q - a scroll of enchant weapon
 y - a scroll of blinking
 B - a scroll of enchant armour
 D - a scroll of amnesia
Potions
 f - a potion of degeneration
 g - a potion of curing
 k - a potion of ambrosia
 p - 2 potions of magic
 r - 2 potions of brilliance
 s - 2 potions of lignification
 t - a potion of haste
 w - a potion of mutation {unknown}
 A - a potion of flight {unknown}
 E - a potion of attraction {unknown}


   Skills:
 + Level 5.0 Fighting
 - Level 1.5 Throwing
 + Level 6.1 Dodging
 - Level 10.6 Unarmed Combat


You couldn't memorise any spells.
You knew the following spells:

 Your Spells              Type           Power      Damage    Failure   Level
a - Foxfire               Conj/Fire      0%         2x1d4     54%         1
b - Blink                 Tloc           0%         N/A       69%         2
c - Ignite Poison         Fire/Tmut/Pois 0%         N/A       89%         3
d - Gell's Gravitas       Tloc           0%         N/A       89%         3
Your spell library was empty.

Dungeon Overview and Level Annotations

Branches:
Dungeon (6/15)             Temple (1/1) D:6           Sewer (visited)

Altars:
Ashenzari
Dithmenos
Elyvilon
Fedhas
Kikubaaqudgha
Okawaru
Qazlal
Ru
Sif Muna
Trog
Uskayaw
Vehumet
Wu Jian
Xom
Yredelemnul
Zin
The Shining One
Ignis


Innate Abilities, Weirdness & Mutations

You are immune to sickness and miasma.
You are immune to poison.
Your flesh is very heat resistant. (rF++)
You are vulnerable to cold. (rC-)
You float through the air rather than walking.
You learn spells naturally, not from books.
Your magical power is your life essence.
You have superior vitality. (+4 MHP)


Message History

The phantom misses you.
You barely miss the phantom.
The phantom is heavily damaged.
The phantom hits you.
* * * LOW HITPOINT WARNING * * *
The phantom blinks!
You blink.
You closely miss the phantom.
The phantom is heavily damaged.
You are no longer corroded.
You hit the phantom.
The phantom is heavily damaged.
The phantom closely misses you.
You punch the phantom!
The phantom is almost destroyed.
The phantom hits you but does no damage.
You hit the phantom.
You destroy the phantom!
Your Fighting skill increases to level 5!
Your Dodging skill increases to level 6!
You start resting.
You hear a distant slurping noise.
You start resting.
A wyvern is nearby!
A wyvern is nearby!
The wyvern hisses angrily.
The wyvern attacks as you move away! The wyvern bites you!
The wyvern bites you.
You punch the wyvern!
The wyvern is moderately wounded.
The wyvern bites you!
You closely miss the wyvern.
The wyvern is moderately wounded.
The wyvern barely misses you. The wyvern bites you!
* * * LOW HITPOINT WARNING * * *
You barely miss the wyvern.
The wyvern is moderately wounded.
The wyvern bites you!
* * * LOW HITPOINT WARNING * * *
You feel better. The wyvern bites you!
You die...

.#............#### #.########
....#............#### #.........
....#...............# #.........
....#.........#.###.####.........
........#######.###.##...........
....###....# #.##..)............
....######.####....######.......#
...............................##
..)######.......@.......#)#..###
..............#..l........##.####
....#########.............).<....
...## ##.#..........########
.>..########..#..........# .
..#...##.....##..........####...#
..#...........................###
#.#.........###..........#######≈
............# #.#####.#..## ##≈≈


You could see a wyvern.

Vanquished Creatures
  Sigmund (D:2)
  Eustachio (D:5)
  An ice beast (D:6)
  4 ogres
  2 phantoms
  3 bullfrogs
  2 scorpions
  4 wights (D:6)
  8 hounds
  A gnoll shaman (D:5)
  An orc priest (D:6)
  Ijyb (D:3)
  3 iguanas
  2 orc wizards (D:5)
  Robin (D:2)
  10 gnolls
  11 adders
  A white imp (D:5)
  2 ufetubi
  A worm (D:4)
  3 dart slugs
  16 orcs
  3 bats
  7 endoplasms
  10 giant cockroaches
  11 goblins
  9 hobgoblins
  7 quokkas
  15 ball pythons
  10 frilled lizards
  5 kobolds
  9 rats
165 creatures vanquished.

Vanquished Creatures (others)
  59 foxfires
59 creatures vanquished.

Grand Total: 224 creatures vanquished

Notes
Turn   | Place    | Note
-------+----------+-------------------------------------------
     0 | D:1      | dolemite99 the Djinni Gladiator began the quest for the
                  | Orb.
     0 | D:1      | Reached XP level 1. HP: 18/18 MP: 0/0
   257 | D:1      | Reached XP level 2. HP: 22/23 MP: 0/0
   428 | D:1      | Found a faded altar of an unknown god.
   449 | D:1      | Prayed at the altar of an unknown god.
   449 | D:1      | Became a worshipper of Ignis, the Dying Flame
   809 | D:2      | Reached skill level 4 in Unarmed Combat
   809 | D:2      | Reached XP level 3. HP: 23/28 MP: 0/0
   809 | D:2      | Learned a level 1 spell: Foxfire
   917 | D:2      | Noticed Robin
   922 | D:2      | Killed Robin
   938 | D:2      | Reached XP level 4. HP: 33/33 MP: 0/0
  1133 | D:2      | Noticed Sigmund
  1159 | D:2      | Killed Sigmund
  1160 | D:2      | Reached skill level 6 in Unarmed Combat
  1160 | D:2      | Reached XP level 5. HP: 24/38 MP: 0/0
  1160 | D:2      | Learned a level 2 spell: Blink
  1160 | D:2      | Reached XP level 6. HP: 28/43 MP: 0/0
  1669 | D:3      | Noticed Ijyb
  1673 | D:3      | Killed Ijyb
  2314 | D:4      | Reached skill level 7 in Unarmed Combat
  2581 | D:4      | Noticed an ogre
  2598 | D:4      | Killed an ogre
  2599 | D:4      | Reached XP level 7. HP: 49/49 MP: 0/0
  2599 | D:4      | Learned a level 3 spell: Ignite Poison
  2743 | D:4      | Reached skill level 8 in Unarmed Combat
  2842 | D:4      | Found a glowing drain.
  2857 | Sewer    | Entered a sewer
  3142 | Sewer    | Reached XP level 8. HP: 17/54 MP: 0/0
  3916 | D:4      | Reached skill level 9 in Unarmed Combat
  4040 | D:5      | Entered Level 5 of the Dungeon
  4415 | D:4      | Reached skill level 10 in Unarmed Combat
  5534 | D:5      | Identified the +2 whip "Xium Sel" {freeze, Will- rCorr
                  | Dex+5}
  5799 | D:6      | Noticed Eustachio
  6037 | D:5      | Killed Eustachio
  6038 | D:5      | Reached XP level 9. HP: 30/59 MP: 0/0
  6038 | D:5      | Learned a level 3 spell: Gell's Gravitas
  6408 | D:6      | Found a glowing golden altar of the Shining One.
  6498 | D:6      | Reached skill level 5 in Dodging
  6737 | D:6      | Found a staircase to the Ecumenical Temple.
  7110 | Temple   | Entered the Ecumenical Temple
  9416 | D:6      | Reached skill level 5 in Fighting
  9577 | D:6      | Slain by a wyvern

Illustrated notes

Levels and vault maps discovered:
D:1:      dpeg_arrival_tiny_a, layout_loops_ring,
          hellmonk_ecumenical_altar_blasted
D:2:      layout_basic, serial_glass, glass_columns_a, glass_columns_a,
          skrybe_limestone_x, uniq_sigmund, uniq_robin
D:3:      layout_rooms, uniq_ijyb
D:4:      layout_loops_cross, portal_sewer_entry_d, minmay_misc_feat_square,
          feat_on_display
D:5:      layout_loops_ring, minmay_fractal_squares_diagonal_5
D:6:      layout_rooms, nicolae_tso_carved_into_rock,
          minmay_temple_entry_butterflies, kennysheep_cluttered_room,
          uniq_eustachio
Temple:   eino_temple_scatter_basement

Skill      XL: |  1  2  3  4  5  6  7  8  9 |
---------------+----------------------------+-----
Unarmed Combat | 4 6 7 8 10 | 10.6
Dodging        | 4 6 |  6.1
Fighting       | 5 |  5.0
Throwing       | |  1.5

Action                   |  1- 3 |  4- 6 |  7- 9 || total
-------------------------+-------+-------+-------++-------
Melee: Unarmed           |    83 |   101 |   406 ||   590
       Punch             |     1 |     6 |    21 ||    28
Throw: Throwing net      |     1 |       |       ||     1
Invok: Fiery Armour      |     1 |     1 |       ||     2
       Foxfire Swarm     |       |     4 |     2 ||     6
  Use: Potion            |       |     4 |     5 ||     9
       Scroll            |       |    10 |     8 ||    18
Armor: Leather armour    |    11 |       |       ||    11
       Ring mail         |    17 |    39 |   124 ||   180
Dodge: Dodged            |    49 |    70 |   245 ||   364

Table legend: (Time is in decaauts)
 A = Elapsed time spent in this place.
 B = Non-inter-level travel time spent in this place.
 C = Inter-level travel time spent in this place.
 D = Time resting spent in this place.
 E = Time spent auto-exploring this place.
 F = Levels seen in this place.
 G = Mean time per level.
                   A        B        C        D        E       F      G
               +--------+--------+--------+--------+--------+-----+--------+
         Total |   9495 |   9336 |    159 |   4231 |   3252 |   8 | 1186.9 |
       Dungeon |   8193 |   8043 |    150 |   3402 |   3078 |   6 | 1365.5 |
        Temple |    678 |    669 |      9 |    507 |     74 |   1 |  678.0 |
         Sewer |    623 |    623 |      0 |    322 |    100 |   1 |  623.0 |
               +--------+--------+--------+--------+--------+-----+--------+

Top non-repeatable levels by time:
     D:5: 3344 daAuts
     D:4: 1429 daAuts
     D:6: 1153 daAuts
     D:2: 874 daAuts
     D:1: 785 daAuts
  Temple: 678 daAuts
   Sewer: 623 daAuts
     D:3: 605 daAuts
